Map: Eternal Empire LE

Players

ECHOLION - Winner!

  • Race: Protoss Protoss
  • League: Gold
  • Spawn Location: 1:00

Ratl

  • Race: Protoss Protoss
  • League: Silver
  • Spawn Location: 7:00

VOD

Have the link to the VOD?

Description

Time

  • Played on: Feb. 9, 2020, 2:31 p.m.
  • Length: 16:09
Show
View Real Time Build Order
Export as new Build Order

ECHOLION Protoss - Winner!

Build Orders: Carriers 

Get SALT Encoding   

  12  0:02  Probe  
  13  0:14  Probe  
  13  0:18  Pylon  
  14  0:26  Probe  
  15  0:31  Assimilator  
  15  0:38  Probe  
  16  0:50  Probe  
  17  1:03  Probe  
  18  1:20  Probe  
  19  1:33  Nexus  
  19  1:55  Gateway  
  19  1:56  Probe (Chrono Boost)  
  20  2:04  Assimilator  
  20  2:06  Probe (Chrono Boost)  
  21  2:11  Probe (Chrono Boost)  
  22  2:22  Probe  
  23  2:38  Pylon  
  23  2:42  Cybernetics Core  
  23  2:46  Probe (Chrono Boost)  
  23  2:50  Probe (Chrono Boost)  
  25  2:56  Probe (Chrono Boost)  
  27  3:00  Probe (Chrono Boost)  
  27  3:01  Probe (Chrono Boost)  
  28  3:09  Probe  
  29  3:13  Probe  
  30  3:21  Probe  
  30  3:25  Probe  
  32  3:33  Probe  
  32  3:34  Nexus  
  33  3:37  Probe  
  34  3:45  Probe  
  35  3:49  Probe  
  35  3:50  Stargate  
  35  3:52  Stargate  
  36  3:58  Probe  
  36  4:01  Probe (Chrono Boost)  
  38  4:06  Assimilator  
  38  4:10  Assimilator  
  38  4:13  Probe (Chrono Boost)  
  38  4:15  Probe (Chrono Boost)  
  40  4:17  Forge, Stalker  
  40  4:21  Probe (Chrono Boost)  
  40  4:23  Probe (Chrono Boost)  
  44  4:25  Pylon  
  44  4:27  Probe  
  44  4:29  Warp Gate  
  45  4:31  Cybernetics Core  
  45  4:34  Probe  
  46  4:40  Fleet Beacon  
  47  4:45  Probe (Chrono Boost)  
  47  4:47  Probe (Chrono Boost)  
  48  4:56  Probe (Chrono Boost)  
  49  5:00  Probe (Chrono Boost)  
  49  5:06  Pylon  
  50  5:12  Probe  
  51  5:24  Probe, Protoss Air Weapons Level 1  
  52  5:35  Assimilator x2  
  52  5:36  Probe  
  52  5:38  Carrier  
  52  5:41  Carrier  
  65  5:47  Photon Cannon  
  65  5:48  Probe  
  65  5:49  Photon Cannon  
  66  5:59  Pylon  
  66  6:00  Probe  
  66  6:02  Pylon  
  67  6:05  Protoss Shields Level 1  
  67  6:12  Probe  
  67  6:14  Probe  
  69  6:21  Photon Cannon, Protoss Air Armor Level 1 (Chrono Boost)  
  69  6:24  Probe  
  69  6:25  Photon Cannon  
  70  6:26  Probe  
  70  6:27  Shield Battery  
  70  6:30  Shield Battery  
  71  6:36  Probe  
  71  6:37  Twilight Council  
  71  6:38  Probe  
  73  6:44  Photon Cannon  
  73  6:46  Carrier (Chrono Boost)  
  73  6:47  Carrier (Chrono Boost)  
  73  6:49  Probe (Chrono Boost)  
  73  6:53  Probe (Chrono Boost)  
  87  7:01  Probe (Chrono Boost)  
  88  7:07  Photon Cannon  
  88  7:08  Probe x2 (Chrono Boost)  
  90  7:11  Photon Cannon  
  90  7:14  Probe  
  90  7:15  Probe  
  91  7:18  Probe  
  93  7:35  Protoss Air Weapons Level 2 (Chrono Boost)  
  93  7:37  Pylon  
  93  7:38  Pylon  
  93  7:39  Pylon  
  93  7:41  Pylon  
  93  7:43  Pylon  
  93  7:45  Pylon  
  93  7:54  Nexus  
  93  7:55  Probe x3  
  96  7:58  Pylon  
  96  8:03  Pylon  
  96  8:07  Probe x2  
  96  8:10  Pylon  
  98  8:19  Probe x2  
  100  8:23  Photon Cannon, Carrier x2  
  112  8:30  Protoss Shields Level 2 (Chrono Boost)  
  112  8:31  Probe x2  
  114  8:37  Protoss Air Armor Level 2 (Chrono Boost)  
  114  8:55  Photon Cannon  
  114  8:57  Photon Cannon  
  114  9:00  Photon Cannon  
  114  9:03  Photon Cannon  
  114  9:04  Shield Battery  
  114  9:06  Probe  
  114  9:09  Shield Battery  
  115  9:17  Carrier  
  115  9:18  Carrier  
  115  9:19  Probe  
  115  9:22  Assimilator  
  116  9:26  Assimilator  
  116  9:31  Probe  
  129  9:43  Probe  
  130  9:47  Pylon  
  130  9:51  Pylon  
  130  9:54  Protoss Air Weapons Level 3 (Chrono Boost)  
  130  9:55  Probe  
  130  9:57  Probe  
  130  9:58  Probe x2  
  134  10:06  Photon Cannon  
  134  10:07  Probe  
  134  10:08  Photon Cannon  
  134  10:09  Probe  
  134  10:10  Probe x2  
  134  10:12  Nexus  
  138  10:18  Pylon  
  138  10:19  Probe  
  139  10:22  Probe x3, Pylon  
  139  10:26  Pylon  
  142  10:29  Sentry  
  142  10:31  Probe  
  142  10:34  Probe x3  
  148  10:43  Probe  
  148  10:46  Probe x3, Carrier x2  
  164  10:53  Protoss Air Armor Level 3 (Chrono Boost)  
  163  11:10  Stargate  
  163  11:11  Photon Cannon, Stargate  
  163  11:14  Stargate  
  163  11:15  Photon Cannon  
  163  11:17  Stargate  
  163  11:20  Photon Cannon  
  163  11:23  Photon Cannon  
  163  11:35  Probe  
  164  11:47  Probe  
  165  11:56  Carrier x4  
  165  11:59  Probe  
  165  12:00  Carrier  
  196  12:04  Protoss Shields Level 3  
  196  12:11  Probe  
  197  12:23  Probe  
  197  12:25  Assimilator  
  197  12:26  Assimilator  
  184  13:30  Carrier  
  184  13:33  Carrier  
  184  14:12  Pylon  
  184  14:14  Pylon  
  184  14:16  Pylon  
  184  14:31  Carrier x2  
  196  14:57  Nexus  
Show
View Real Time Build Order
Export as new Build Order

Ratl Protoss 

Build Orders:  

Get SALT Encoding   

  12  0:01  Probe  
  13  0:16  Pylon  
  13  0:21  Probe  
  14  0:33  Probe  
  15  0:39  Assimilator  
  15  0:44  Gateway  
  15  0:45  Probe  
  16  0:55  Assimilator  
  16  0:58  Probe  
  17  1:10  Probe  
  18  1:20  Gateway  
  18  1:22  Probe  
  19  1:32  Assimilator  
  19  1:34  Probe  
  19  1:37  Cybernetics Core  
  20  1:44  Pylon  
  20  1:46  Probe  
  21  1:58  Probe  
  22  2:10  Probe, Warp Gate (Chrono Boost)  
  22  2:15  Stalker  
  25  2:22  Probe  
  26  2:25  Stalker  
  27  2:34  Probe  
  28  2:46  Probe  
  29  2:57  Nexus  
  29  2:58  Probe  
  30  3:11  Probe  
  31  3:13  Pylon  
  31  3:31  Probe, Stalker  
  31  3:33  Forge  
  34  3:38  Robotics Facility  
  34  3:43  Probe  
  35  3:55  Probe  
  36  3:57  Stalker  
  36  3:58  Gateway  
  38  4:03  Pylon  
  38  4:07  Probe  
  38  4:09  Probe  
  40  4:19  Probe  
  40  4:20  Protoss Ground Weapons Level 1 (Chrono Boost)  
  40  4:21  Probe  
  42  4:28  Observer  
  43  4:34  Gateway  
  43  4:36  Gateway  
  43  4:40  Probe x2  
  45  4:52  Probe x2, Observer  
  48  5:04  Probe x2, Assimilator  
  50  5:07  Stalker  
  50  5:13  Immortal  
  56  5:18  Probe x2  
  58  5:30  Probe x2  
  60  5:40  Observer  
  60  5:42  Probe x2, Assimilator, Nexus  
  62  5:48  Pylon  
  62  5:50  Pylon  
  62  6:06  Probe x2  
  64  6:18  Probe x2, Stalker  
  64  6:19  Stalker x4  
  76  6:30  Probe x2, Pylon  
  78  6:41  Protoss Ground Armor Level 1 (Chrono Boost)  
  78  6:43  Robotics Bay  
  78  6:44  Twilight Council  
  78  6:48  Probe, Immortal  
  84  6:54  Probe x2  
  84  7:00  Probe  
  86  7:01  Stalker x3  
  86  7:02  Stalker x2  
  86  7:06  Probe x2  
  98  7:14  Probe  
  99  7:18  Probe x2  
  101  7:28  Pylon  
  101  7:29  Pylon  
  101  7:34  Pylon  
  101  7:35  Pylon  
  101  7:36  Pylon  
  101  7:39  Pylon  
  101  7:44  Blink (Chrono Boost)  
  101  7:46  Probe x3, Immortal  
  101  7:48  Extended Thermal Lance  
  108  7:56  Assimilator  
  108  7:58  Probe x3  
  111  8:06  Nexus, Stalker  
  111  8:10  Probe x3  
  116  8:23  Probe x3  
  116  8:25  Colossus  
  116  8:26  Assimilator  
  125  8:30  Protoss Ground Weapons Level 2 (Chrono Boost)  
  125  8:40  Robotics Facility  
  125  8:42  Dark Shrine  
  125  8:52  Stalker x3  
  125  8:53  Stalker x2  
  134  9:09  Probe x3  
  137  9:15  Pylon  
  137  9:17  Pylon  
  137  9:21  Probe  
  138  9:24  Gateway  
  138  9:26  Gateway  
  138  9:28  Gateway  
  138  9:31  Colossus  
  138  9:34  Gateway  
  138  9:36  Gateway  
  138  9:41  Colossus  
  150  9:47  Stalker x5  
  160  9:57  Robotics Facility  
  160  10:00  Photon Cannon  
  160  10:06  Photon Cannon  
  160  10:08  Photon Cannon  
  160  10:10  Photon Cannon  
  160  10:12  Photon Cannon  
  160  10:13  Photon Cannon  
  160  10:16  Photon Cannon  
  160  10:20  Pylon, Photon Cannon, Assimilator  
  160  10:22  Stalker  
  160  10:23  Assimilator, Stalker x4  
  160  10:24  Stalker x2  
  160  10:27  Colossus (Chrono Boost)  
  180  10:38  Observer  
  181  10:56  Protoss Ground Weapons Level 3 (Chrono Boost), Warp Prism (Chrono Boost)  
  183  11:25  Dark Templar x2  
  187  11:35  Pylon  
  187  11:38  Pylon  
  186  11:57  Colossus x2  
  198  12:27  Stargate  
  198  12:28  Stargate  
  171  13:19  Stalker x3  
  151  13:20  Stalker x5  
  151  13:21  Stalker  
  151  13:22  Disruptor (Chrono Boost)  
  151  13:23  Disruptor (Chrono Boost)  
  161  13:45  Stalker x2  
  161  13:46  Stalker x2  
  153  13:48  Colossus (Chrono Boost)  
  153  13:49  Colossus (Chrono Boost)  
  117  14:11  Phoenix  
  117  14:14  Phoenix  
  113  14:25  Fleet Beacon  
  113  14:32  Cybernetics Core  
  113  14:36  Phoenix  
  113  14:37  Stalker x4  
  113  14:38  Stalker x2  
  121  14:39  Phoenix  
  121  14:41  Stargate  
  121  14:42  Stargate  
  121  14:44  Stargate  
  121  14:45  Stargate  
  123  15:01  Phoenix (Chrono Boost)  
  123  15:04  Phoenix (Chrono Boost)  
  127  15:14  Stalker x4  
  127  15:15  Stalker x2  
  139  15:24  Phoenix (Chrono Boost)  
  141  15:35  Phoenix x3 (Chrono Boost)  
  147  15:40  Phoenix  
Tags
 
Composition
Carriers
Matchup
PvP
Spawn Locations
Cross Positions
Add a new tag
Caveats
  • Supply blocks, unpowered buildings, or Contaminate may cause inaccurate times.
  • Supply counts are checked every 10 seconds.